Match 47042765
Unlisted

Match 47042765
End
Vickers Machine Gun Team
Construct Section Command Post
Dingo Light Scout Car
Infantry Section
Infantry Section
Construct Platoon Command Post
Unlock M3 Stuart Light Tanks
Selects Heavy Armor Battlegroup
Selects Rigorous Vehicle Training
Selects Light Vehicle Withdraw and Refit
M3 Stuart Light Tank
Selects Radio Net
M3 Stuart Light Tank
alphaelf
Mad
WЇЌĭήğ§* ★assasin
No communist
水银灯
WilllTHENOOBz
[PBS] Sigizmund
SoldmyDad
0
0

Comments sign in to comment!

No comments posted yet!